 Dungeon Crawl Stone Soup version 0.31-a0-840-g6d2ecbb638 (webtiles) character file.

Game seed: 5310287834338843991

11 Ethylacetat the Ducker (level 2, 0/19 HPs)
             Began as an Octopode Gladiator on Sept 27, 2023.
             Slain by a kobold
             ... wielding a +0 whip
              (6 damage)
             ... on level 1 of the Dungeon.
             The game lasted 00:00:20 (165 turns).

Ethylacetat the Ducker (Octopode Gladiator)          Turns: 165, Time: 00:00:20

Health: 0/19       AC:  1    Str: 13    XL:     2   Next: 25%
Magic:  2/2        EV: 14    Int: 10    God:
Gold:   39         SH:  0    Dex: 13    Spells: 1/1 levels left

rFire   . .          .
                       - Unarmed
rCold   . . .        (no shield)
rNeg    . . .        a - +0 hat
rPois   .            (no amulet)
rElec   .            (no ring)
rCorr   .            (no ring)
SInv    .            (no ring)
Will    .....        (no ring)
Stlth   +++          (no ring)
HPRegen 0.23/turn    (no ring)
MPRegen 0.08/turn    (no ring)
                     (no ring)

%: no passive effects
@: no status effects
A: almost no armour, amphibious, 8 rings, camouflage 1, gelatinous body 1,
(nimble swimmer 1), tentacles
a: no special abilities


You were on level 1 of the Dungeon.
You visited 1 branch of the dungeon, and saw 1 of its levels.

You collected 39 gold pieces.

Inventory:

Missiles
 b - 3 throwing nets (quivered)
 c - a javelin
Armour
 a - a +0 hat (worn)


   Skills:
 + Level 2.2 Fighting
 - Level 2.0 Throwing
 + Level 3.1 Dodging
 + Level 1.1 Stealth
 + Level 3.1 Unarmed Combat


You had one spell level left.
You didn't know any spells.
Your spell library was empty.

Dungeon Overview and Level Annotations

Branches:
Dungeon (1/15)

Altars:


Innate Abilities, Weirdness & Mutations

You cannot wear most types of armour.
You are amphibious.
You can wear up to eight rings at the same time.
Your skin changes colour to match your surroundings (Stealth+).
Your rubbery body absorbs attacks. (AC +1, EV +1)
((You are camouflaged when in or above water. (Stealth+)))
You have tentacles for arms and can constrict up to eight enemies at once.


Message History

You constrict the jackal. The jackal barely misses you. x2
The jackal misses you. The jackal barely misses you.
The jackal closely misses you. The jackal bites you.
You tentacle-slap the jackal.
You kill the jackal!
The jackal closely misses you. The jackal bites you.
Your Stealth skill increases to level 1!
You barely miss the jackal. Your grab misses the jackal.
You squeeze the jackal.
The jackal is lightly wounded.
The jackal bites you. The jackal misses you.
You closely miss the jackal. You grab the jackal.
The jackal is lightly wounded.
You constrict the jackal. The jackal bites you. x2
The jackal closely misses you.
You are too injured to fight recklessly!
You are too injured to fight recklessly!
You are too injured to fight recklessly!
You tentacle-slap the jackal.
The jackal is heavily wounded.
You constrict the jackal.
The jackal bites you. x2; The jackal misses you.
You tentacle-slap the jackal.
The jackal is almost dead.
You constrict the jackal, but do no damage.
The jackal barely misses you. The jackal bites you.
* * * LOW HITPOINT WARNING * * *
You tentacle-slap the jackal.
You kill the jackal!
A kobold comes into view. It is wielding a +0 whip.
The jackal barely misses you.
You tentacle-slap the jackal. You grab the jackal.
The jackal is moderately wounded.
You constrict the jackal. The jackal barely misses you. The jackal misses you.
You tentacle-slap the jackal.
You kill the jackal!
You closely miss the kobold. Your grab misses the kobold.
The kobold misses you.
You tentacle-slap the kobold but do no damage.
Your grab misses the kobold. The kobold hits you with a +0 whip.
You die...

#.# ### # ###.### ##.. .
...... ... # #..#.# #.#
# #..#.# ##.## #
#.####..#.###...#####
.###...†................
......K@.....###...#.##.
###...####....###.##.###
..... #..#.###.##.# #
###. #........##.# # #
#......).#####.#
#..##.#..# #.# #..
#.#..# #.# #. #..... ..#
) ###..##


You could see a kobold.

Vanquished Creatures
  3 goblins (D:1)
  A hobgoblin (D:1)
  3 jackals (D:1)
  A frilled lizard (D:1)
  A kobold (D:1)
9 creatures vanquished.

Notes
Turn   | Place    | Note
-------+----------+-------------------------------------------
     0 | D:1      | Ethylacetat the Octopode Gladiator began the quest for the
                  | Orb.
     0 | D:1      | Reached XP level 1. HP: 14/14 MP: 1/1
   145 | D:1      | Reached XP level 2. HP: 19/19 MP: 2/2
   157 | D:1      | Reached skill level 1 in Stealth
   165 | D:1      | Slain by a kobold

Illustrated notes

Levels and vault maps discovered:
D:1:      minmay_arrival_up_and_down, layout_loops_ring

Skill      XL: |  1  2 |
---------------+-------+-----
Stealth        | 1 |  1.1
Fighting       | |  2.2
Throwing       | |  2.0
Dodging        | |  3.1
Unarmed Combat | |  3.1

Action                     || total
---------------------------++-------
  Melee: Unarmed           ||    21
         Constrict         ||     6
         Tentacles         ||     3
   Stab: Sleeping          ||     2
 Armour: Skin              ||    10
  Dodge: Dodged            ||    22

Table legend: (Time is in decaauts)
 A = Elapsed time spent in this place.
 B = Non-inter-level travel time spent in this place.
 C = Inter-level travel time spent in this place.
 D = Time resting spent in this place.
 E = Time spent auto-exploring this place.
 F = Levels seen in this place.
 G = Mean time per level.
                   A        B        C        D        E       F      G
               +--------+--------+--------+--------+--------+-----+--------+
         Total |    163 |    163 |      0 |      0 |    114 |   1 |  163.0 |
       Dungeon |    163 |    163 |      0 |      0 |    114 |   1 |  163.0 |
               +--------+--------+--------+--------+--------+-----+--------+

Top non-repeatable levels by time:
     D:1: 163 daAuts
